Map: Kairos Junction LE

Players

ZipperTheFly - Winner!

  • Race: Terran Terran
  • Spawn Location: 11:00

Arctur

  • Race: Terran Terran
  • Spawn Location: 5:00

Event: 2019 WCS Spring

VOD

Have the link to the VOD?

Description

Time

  • Played on: May 17, 2019, 10:07 a.m.
  • Length: 15:52

All games in this series

Show
View Real Time Build Order
Export as new Build Order

ZipperTheFly Terran - Winner!

Build Orders:  

Get SALT Encoding   

  12  0:00  SCV  
  13  0:12  SCV  
  14  0:16  Supply Depot  
  14  0:24  SCV  
  14  0:27  Refinery  
  15  0:38  SCV  
  16  0:45  Barracks  
  16  0:50  SCV  
  17  0:57  Refinery  
  17  1:02  SCV  
  18  1:14  SCV  
  19  1:31  Orbital Command  
  19  1:32  Reaper  
  20  1:39  Factory  
  20  1:46  Supply Depot  
  20  1:57  SCV  
  21  2:04  Reaper  
  22  2:09  SCV  
  23  2:21  SCV  
  24  2:23  Hellion  
  26  2:33  Command Center  
  26  2:36  SCV  
  27  2:39  Reaper  
  28  2:44  Supply Depot  
  28  2:47  Hellion  
  28  2:49  SCV  
  31  2:56  Starport  
  31  3:06  SCV  
  31  3:10  Factory Tech Lab  
  31  3:11  Barracks Reactor  
  32  3:18  SCV  
  33  3:27  Refinery  
  33  3:30  SCV, Cyclone  
  33  3:33  Starport Tech Lab  
  37  3:42  SCV  
  38  3:50  Marine  
  38  3:55  Raven, Marine  
  42  3:56  Orbital Command  
  42  3:58  SCV  
  43  4:10  SCV  
  43  4:11  Siege Tank  
  43  4:13  Refinery  
  43  4:14  Marine x2  
  49  4:18  Supply Depot  
  49  4:21  SCV  
  49  4:22  SCV  
  51  4:27  Supply Depot  
  51  4:32  Starport  
  51  4:33  SCV  
  51  4:36  SCV  
  52  4:46  Siege Tank  
  55  4:53  SCV  
  55  4:58  SCV  
  57  5:05  SCV, Raven, Marine x2  
  62  5:15  Starport Reactor  
  62  5:16  SCV  
  62  5:18  SCV  
  64  5:21  Siege Tank  
  64  5:25  Supply Depot  
  64  5:27  Supply Depot  
  64  5:28  SCV  
  68  5:32  SCV  
  67  5:35  Marine x2  
  69  5:43  SCV  
  69  5:48  Viking  
  72  5:53  Viking, Siege Tank  
  72  5:55  Viking  
  79  6:03  Marine x2  
  81  6:07  SCV x2, Supply Depot  
  81  6:10  Supply Depot  
  83  6:17  Viking  
  85  6:28  Viking x2  
  85  6:29  Siege Tank  
  92  6:33  Marine  
  92  6:34  Marine  
  92  6:36  Supply Depot  
  92  6:38  Supply Depot  
  93  6:53  Viking, Marine x2  
  97  6:58  Viking x2  
  97  7:01  Siege Tank  
  104  7:12  Marine x2  
  102  7:30  Marine x2  
  102  7:31  Viking x3  
  108  7:44  Liberator  
  108  7:48  Marine  
  94  8:03  Marine  
  94  8:04  Viking x2, Siege Tank  
  97  8:06  Marine  
  97  8:09  Command Center  
  84  8:21  Marine  
  84  8:24  Marine  
  86  8:34  Viking x2  
  90  8:38  Marine  
  89  8:41  Marine  
  89  8:44  Viking  
  89  8:45  Barracks  
  89  8:46  Barracks  
  89  8:56  Marine  
  89  8:58  Siege Tank  
  89  8:59  Marine  
  77  9:03  Viking  
  77  9:09  Viking  
  76  9:14  Viking, Marine  
  75  9:17  Marine  
  65  9:24  Orbital Command  
  65  9:30  Siege Tank  
  68  9:33  Viking  
  68  9:34  Engineering Bay x2  
  70  9:39  Viking, Barracks Reactor  
  70  9:40  Barracks Reactor  
  70  9:41  Barracks  
  70  9:42  Barracks  
  72  9:49  Barracks Tech Lab  
  72  9:51  SCV x2  
  74  9:53  Marine  
  74  9:54  Stimpack  
  74  9:56  Viking x2  
  79  10:03  SCV  
  80  10:08  Siege Tank  
  80  10:12  Viking  
  80  10:13  Orbital Command  
  85  10:14  SCV  
  86  10:25  SCV  
  86  10:26  Marine x2  
  86  10:27  SCV, Combat Shield, Marine  
  86  10:28  Marine  
  93  10:31  Barracks Reactor x2  
  92  10:37  SCV  
  92  10:39  SCV  
  92  10:41  SCV  
  95  10:49  SCV, Terran Infantry Armor Level 1  
  96  10:51  Terran Infantry Weapons Level 1, SCV  
  96  10:53  SCV  
  98  10:57  Marine x3  
  98  10:58  Marine  
  98  11:01  SCV  
  103  11:08  Marine x2  
  105  11:13  Marine  
  105  11:14  Marine  
  105  11:15  Marine x2  
  107  11:20  Siege Tank  
  107  11:21  Medivac x3, Refinery  
  107  11:24  Medivac  
  107  11:25  Marine x2  
  118  11:26  Marine x2  
  118  11:31  Marine  
  118  11:32  Marine  
  120  11:37  Supply Depot  
  120  11:39  Supply Depot  
  118  11:43  Marine x2  
  120  11:51  Marine x6  
  126  12:00  Siege Tank  
  129  12:01  Marine x2  
  116  12:08  Marine  
  116  12:09  Marine  
  116  12:12  Marine x2  
  103  12:15  Marine x2  
  98  12:22  Marine  
  98  12:23  Marine  
  98  12:27  Marine x2  
  102  12:32  Siege Tank, Marine x2  
  102  12:33  Marine x2  
  102  12:35  Liberator x2  
  103  12:45  Marine x2  
  103  12:46  Marine x2  
  103  12:49  Marine x2  
  103  12:51  Marine x2  
  103  12:56  Armory  
  105  13:03  Marine x2  
  105  13:04  Siege Tank, Marine  
  109  13:07  Marine x2  
  111  13:19  Marine x2  
  113  13:20  Marine  
  113  13:21  Marine x3  
  113  13:25  SCV x2  
  90  13:37  Marine  
  90  13:40  Marine x2  
  73  13:41  Marine  
  73  13:42  Marine x4  
  73  13:44  SCV  
  77  13:54  Marine  
  77  13:56  Orbital Command  
  77  13:58  Marine x2  
  77  13:59  Marine x2  
  77  14:00  Marine x3  
  77  14:02  Siege Tank  
  87  14:12  Marine  
  87  14:15  Marine  
  87  14:16  Marine  
  90  14:17  Marine x2  
  90  14:19  Marine  
  93  14:30  Marine x2  
  93  14:31  Marine  
  96  14:38  Marine x3  
  99  14:48  Marine  
  99  14:51  Marine x3  
  99  14:52  Siege Tank  
  106  15:08  Marine x3  
  106  15:13  Marine x3  
  112  15:26  Marine  
  112  15:27  Marine x4  
  94  15:31  Marine x2  
Show
View Real Time Build Order
Export as new Build Order

Arctur Terran 

Build Orders: Liberator Opening 

Get SALT Encoding   

  12  0:00  SCV  
  13  0:13  SCV  
  14  0:17  Supply Depot  
  14  0:25  SCV  
  14  0:28  Refinery  
  15  0:38  SCV  
  16  0:45  Barracks  
  16  0:50  SCV  
  16  0:56  Refinery  
  17  1:03  SCV  
  18  1:15  SCV  
  19  1:31  Orbital Command  
  19  1:33  Factory  
  19  1:38  Reaper  
  20  1:47  Supply Depot  
  20  1:57  SCV  
  21  2:09  SCV  
  21  2:10  Reaper  
  23  2:17  Hellion  
  23  2:21  SCV  
  26  2:33  Command Center  
  27  2:40  Factory Tech Lab  
  27  2:42  SCV  
  27  2:43  Barracks Reactor  
  27  2:49  Starport  
  27  2:55  SCV  
  27  2:57  Supply Depot  
  28  3:06  Cyclone  
  28  3:08  Liberator  
  31  3:19  SCV, Marine  
  32  3:20  Marine  
  37  3:31  SCV  
  38  3:34  Refinery  
  38  3:42  Marine  
  38  3:43  Factory Tech Lab  
  38  3:44  Marine  
  38  3:45  SCV  
  41  3:49  Orbital Command  
  41  3:57  SCV  
  42  4:11  SCV  
  42  4:15  SCV  
  44  4:17  Siege Tank  
  44  4:18  Marine  
  44  4:19  Raven, Marine  
  44  4:23  SCV  
  52  4:27  SCV, Supply Depot  
  53  4:35  SCV  
  54  4:44  SCV, Supply Depot  
  54  4:45  Marine, Supply Depot  
  53  4:48  Marine  
  53  4:49  SCV  
  56  4:56  SCV  
  56  5:01  SCV  
  56  5:03  Raven  
  56  5:04  Siege Tank  
  61  5:08  SCV  
  61  5:13  SCV  
  61  5:18  Marine x2  
  61  5:20  SCV  
  64  5:25  SCV  
  64  5:27  Command Center  
  65  5:33  SCV  
  66  5:37  SCV  
  66  5:38  Siege Tank, Refinery  
  70  5:45  SCV, Barracks  
  70  5:47  Barracks  
  70  5:49  SCV  
  72  5:59  Viking x2, Stimpack  
  72  6:02  SCV  
  78  6:07  Supply Depot  
  78  6:08  SCV  
  78  6:09  Supply Depot  
  78  6:12  Supply Depot  
  78  6:19  Engineering Bay  
  78  6:21  Engineering Bay  
  78  6:25  Marine  
  78  6:29  SCV x2, Siege Tank  
  83  6:34  Viking x2  
  83  6:35  Barracks Reactor  
  87  6:41  SCV, Orbital Command  
  87  6:42  SCV  
  87  6:45  Barracks Reactor  
  87  6:46  Marine  
  90  6:53  Terran Infantry Weapons Level 1, SCV, Terran Infantry Armor Level 1  
  88  6:54  SCV  
  88  6:58  Barracks  
  89  7:02  Barracks  
  89  7:05  Siege Tank  
  89  7:06  SCV  
  89  7:07  SCV, Orbital Command  
  94  7:13  Marine x2  
  62  7:15  Viking  
  96  7:21  SCV x2  
  99  7:24  Viking  
  101  7:33  SCV  
  102  7:41  SCV x2  
  93  7:45  Viking, SCV  
  93  7:46  Siege Tank, Marine x4  
  93  7:47  Marine x2  
  103  7:53  SCV  
  103  7:54  Viking  
  92  8:02  Marine  
  92  8:04  Marine x6  
  79  8:19  Marine  
  59  8:21  Siege Tank  
  59  8:22  Marine x6  
  61  8:35  Combat Shield  
  61  8:37  Marine  
  61  8:40  Marine x6  
  65  8:55  Marine  
  56  8:58  Marine x6  
  39  9:04  SCV x2  
  33  9:14  Factory Tech Lab  
  33  9:15  Marine x2  
  33  9:16  Marine  
  31  9:18  SCV  
  31  9:19  SCV  
  31  9:23  Marine x4  
  34  9:31  SCV x2, Starport  
  36  9:33  Siege Tank  
  36  9:34  Marine x3  
  42  9:41  Marine x4  
  42  9:43  SCV  
  47  9:52  Marine x3  
  50  9:59  Marine x4  
  54  10:05  Siege Tank  
  56  10:10  Marine  
  56  10:13  SCV x2  
  59  10:15  Orbital Command  
  59  10:17  Marine x3  
  62  10:25  SCV  
  62  10:26  SCV  
  62  10:27  Marine  
  62  10:28  Marine  
  66  10:34  Marine x2  
  66  10:35  Marine  
  69  10:37  SCV, Medivac x2  
  69  10:40  SCV  
  69  10:42  SCV  
  76  10:48  Marine x2  
  78  10:50  SCV  
  78  10:52  SCV, Marine x2  
  78  10:54  Marine  
  78  10:56  Marine  
  84  10:59  SCV  
  85  11:10  Marine  
  85  11:12  SCV  
  85  11:14  SCV  
  85  11:16  SCV, Supply Depot  
  85  11:17  Marine  
  85  11:18  Supply Depot  
  85  11:24  SCV, Marine x4  
  90  11:26  Siege Tank  
  90  11:28  SCV  
  90  11:32  SCV  
  93  11:36  Marine  
  93  11:38  SCV  
  94  11:40  SCV  
  94  11:41  Marine  
  94  11:42  Marine  
  94  11:44  SCV  
  98  11:50  Marine x2  
  98  11:51  Medivac x2  
  102  12:02  SCV  
  96  12:14  Siege Tank  
  89  12:17  Marine x4  
  89  12:21  Medivac  
  91  12:23  SCV x3  
  91  12:26  Supply Depot  
  91  12:28  Supply Depot  
  91  12:29  Marine  
  90  12:35  SCV, Marine  
  84  12:48  Marine  
  78  12:52  Marine  
  78  12:57  SCV  
  76  12:59  SCV  
  76  13:03  SCV  
  78  13:07  Marine  
  78  13:11  Marine x2  
  81  13:15  Marine  
  82  13:33  Marine x4  
  51  13:44  Siege Tank, Marine x2  
  50  13:51  Marine x3  
  50  13:53  Marine  
  54  14:02  Marine x2  
  56  14:08  Marine x2  
  56  14:09  Orbital Command, Marine  
  59  14:10  Marine  
  59  14:16  Siege Tank  
  63  14:20  Marine x2  
  65  14:26  Marine x3  
  65  14:28  Marine  
  68  14:38  Marine x2  
  70  14:44  Marine x3  
  73  14:46  Marine  
  73  14:48  Siege Tank  
  77  14:53  Viking  
  77  14:56  Marine x2  
  81  15:01  Viking  
  81  15:02  Marine x3  
  85  15:16  Marine x3  
  85  15:20  Marine  
  67  15:28  Marine x2  
Tags
 
Add a new tag
Caveats
  • Supply blocks, unpowered buildings, or Contaminate may cause inaccurate times.
  • Supply counts are checked every 10 seconds.